TOP OF THE 1ST |
Seattle Mariners batting - Pitching for Houston Astros : RHP Prince Gibson
|
Pitching: RHP Prince Gibson
|
|
Batting: LHB Dae-ik Yoon
|
0-0: Ball 1-0: Ball 2-0: Foul Ball, location: 2F 2-1: Ground out 6-3 (Groundball, 6, EV 99.4 MPH)
|
Batting: SHB Floyd-William Goof
|
0-0: Ball 1-0: Ball 2-0: Foul Ball, location: 2F 2-1: Ball 3-1: Foul Ball, location: 2F 3-2: SINGLE (Groundball, 3S, EV 67.5 MPH) (infield hit)
|
Batting: LHB John Zumbo
|
0-0: Fly out, F8 (Flyball, 8LM, EV 87.5 MPH)
|
Batting: SHB Tze-meng Gan
|
0-0: Ball 1-0: Swinging Strike 1-1: Called Strike Floyd-William Goof steals 2nd base 1-2: Ball 2-2: SINGLE (Line Drive, 9S, EV 100.0 MPH) Floyd-William Goof to third Runner from 3rd tries for Home, SAFE, throw by RF to home
|
Now in RF: Bryce Hill
|
|
Batting: LHB Bi-jun Chien
|
0-0: Ball 1-0: Swinging Strike 1-1: Ball 2-1: Foul Ball, location: 2F 2-2: Strikes out swinging
|
Top of the 1st over - 1 run, 2 hits, 0 errors, 1 left on base; Seattle 1 - Houston 0 |
BOTTOM OF THE 1ST |
Houston Astros batting - Pitching for Seattle Mariners : LHP Larry Tuckfard
|
Pitching: LHP Larry Tuckfard
|
|
Batting: RHB Matt Thompson
|
0-0: Ground out 4-3 (Groundball, 4S, EV 74.4 MPH)
|
Batting: RHB Chang-wei Jiang
|
0-0: Ball 1-0: Fly out, F9 (Flyball, 9D, EV 82.5 MPH)
|
Batting: SHB Addick de Vries
|
0-0: Ball 1-0: Foul Ball, location: 2F 1-1: Swinging Strike 1-2: Ball 2-2: Ball 3-2: Strikes out swinging, 2-3 out at first.
|
Bottom of the 1st over - 0 runs, 0 hits, 0 errors, 0 left on base; Seattle 1 - Houston 0 |
TOP OF THE 2ND |
Seattle Mariners batting - Pitching for Houston Astros : RHP Prince Gibson
|
Batting: RHB Jose Vasquez
|
0-0: DOUBLE (Groundball, 5L, EV 103.8 MPH)
|
Batting: RHB Steve Bartman Jr.
|
0-0: Called Strike 0-1: Called Strike 0-2: Ground out 1-3 (Groundball, 13S, EV 72.5 MPH) Jose Vasquez to third
|
Batting: RHB Young-kwang Ohnn
|
0-0: Ground out 6-3 (Groundball, 6, EV 100.6 MPH) Jose Vasquez scores
|
Batting: RHB Corey Ottinger
|
0-0: Ball 1-0: Called Strike 1-1: Ball 2-1: Ball 3-1: Foul Ball, location: 2F 3-2: Single, Error in OF, E9, batter to second base (Groundball, 34D, EV 106.2 MPH)
|
Batting: LHB Dae-ik Yoon
|
0-0: Ball 1-0: Ball 2-0: Ball Wild Pitch! Corey Ottinger to third 3-0: Base on Balls
|
Batting: SHB Floyd-William Goof
|
0-0: Ball 1-0: Swinging Strike 1-1: Ball 2-1: 3-RUN HOME RUN (Line Drive, 89XD, EV 113.1 MPH), Distance : 436 ft
|
Batting: LHB John Zumbo
|
0-0: Called Strike 0-1: Ground out 6-3 (Groundball, 6M, EV 111.9 MPH)
|
Top of the 2nd over - 4 runs, 3 hits, 1 error, 0 left on base; Seattle 5 - Houston 0 |
BOTTOM OF THE 2ND |
Houston Astros batting - Pitching for Seattle Mariners : LHP Larry Tuckfard
|
Batting: RHB Danny Dyer
|
0-0: Called Strike 0-1: Ball 1-1: Ball 2-1: Foul Ball, location: 2F 2-2: Strikes out swinging
|
Batting: RHB Josh Froyd
|
0-0: Called Strike 0-1: Foul Ball, location: 2F 0-2: SOLO HOME RUN (Flyball, 7D, EV 98.8 MPH), Distance : 382 ft
|
Batting: RHB Trevor Mock
|
0-0: Ball 1-0: Called Strike 1-1: Ball 2-1: Foul Ball, location: 2F 2-2: Ball 3-2: Strikes out looking
|
Batting: SHB Joe Gardner
|
0-0: Called Strike 0-1: Ball 1-1: Called Strike 1-2: Ball 2-2: Foul Ball, location: 2F 2-2: Ball 3-2: Fly out, F4 (Popup, 4M, EV 60.0 MPH)
|
Bottom of the 2nd over - 1 run, 1 hit, 0 errors, 0 left on base; Seattle 5 - Houston 1 |
TOP OF THE 3RD |
Seattle Mariners batting - Pitching for Houston Astros : RHP Prince Gibson
|
Batting: SHB Tze-meng Gan
|
0-0: Ball 1-0: Ball 2-0: Ball 3-0: Called Strike 3-1: Base on Balls
|
Batting: LHB Bi-jun Chien
|
0-0: Called Strike Tze-meng Gan steals 2nd base 0-1: Called Strike 0-2: Foul Ball, location: 2F 0-2: Ball 1-2: Ball 2-2: Foul Ball, location: 2F 2-2: Foul Ball, location: 2F 2-2: SINGLE (Line Drive, 8RS, EV 111.2 MPH) Tze-meng Gan to third
|
Pitching: RHP Kyle McPeak
|
|
Batting: RHB Jose Vasquez
|
0-0: Called Strike 0-1: Grounds into double play, 6-4-3 (Groundball, 6, EV 85.6 MPH) Tze-meng Gan scores
|
Batting: RHB Steve Bartman Jr.
|
0-0: Ball 1-0: Called Strike 1-1: Ball 2-1: Ball 3-1: SINGLE (Line Drive, 89S, EV 93.1 MPH)
|
Batting: RHB Young-kwang Ohnn
|
0-0: Ball 1-0: Ball Steve Bartman Jr. is caught stealing 2nd base 2-4
|
Top of the 3rd over - 1 run, 2 hits, 0 errors, 0 left on base; Seattle 6 - Houston 1 |
BOTTOM OF THE 3RD |
Houston Astros batting - Pitching for Seattle Mariners : LHP Larry Tuckfard
|
Batting: LHB Bryce Hill
|
0-0: Foul Ball, location: 2F 0-1: Called Strike 0-2: Strikes out looking
|
Batting: LHB Jim Keefe
|
0-0: Foul Ball, location: 2F 0-1: Ground out 2-3 (Groundball, 2L, EV 71.2 MPH)
|
Batting: RHB Matt Thompson
|
0-0: Called Strike 0-1: Ball 1-1: Foul Ball, location: 2F 1-2: Strikes out swinging
|
Bottom of the 3rd over - 0 runs, 0 hits, 0 errors, 0 left on base; Seattle 6 - Houston 1 |
TOP OF THE 4TH |
Seattle Mariners batting - Pitching for Houston Astros : RHP Kyle McPeak
|
Batting: RHB Young-kwang Ohnn
|
0-0: Ground out 5-3 (Groundball, 56, EV 80.0 MPH)
|
Batting: RHB Corey Ottinger
|
0-0: Ball 1-0: Foul Ball, location: 2F 1-1: Called Strike 1-2: Strikes out swinging
|
Batting: LHB Dae-ik Yoon
|
0-0: Ball 1-0: Ball 2-0: Called Strike 2-1: Foul Ball, location: 2F 2-2: Ball 3-2: Foul Ball, location: 2F 3-2: Base on Balls
|
Batting: SHB Floyd-William Goof
|
0-0: Ball 1-0: Fly out, F6 (Popup, 6MS, EV 60.0 MPH)
|
Top of the 4th over - 0 runs, 0 hits, 0 errors, 1 left on base; Seattle 6 - Houston 1 |
BOTTOM OF THE 4TH |
Houston Astros batting - Pitching for Seattle Mariners : LHP Larry Tuckfard
|
Batting: RHB Chang-wei Jiang
|
0-0: Called Strike 0-1: Ball 1-1: Ground out 6-3 (Groundball, 56, EV 90.6 MPH)
|
Batting: SHB Addick de Vries
|
0-0: Ball 1-0: Ground out 6-3 (Groundball, 6, EV 86.9 MPH)
|
Batting: RHB Danny Dyer
|
0-0: Ball 1-0: Called Strike 1-1: Ball 2-1: Ball 3-1: Called Strike 3-2: Strikes out swinging
|
Bottom of the 4th over - 0 runs, 0 hits, 0 errors, 0 left on base; Seattle 6 - Houston 1 |
TOP OF THE 5TH |
Seattle Mariners batting - Pitching for Houston Astros : RHP Kyle McPeak
|
Batting: LHB John Zumbo
|
0-0: Ball 1-0: Swinging Strike 1-1: Called Strike 1-2: Foul Ball, location: 2F 1-2: Strikes out swinging
|
Batting: SHB Tze-meng Gan
|
0-0: Called Strike 0-1: Foul Ball, location: 2F 0-2: Fly out, F8 (Line Drive, 8LD, EV 107.5 MPH)
|
Batting: LHB Bi-jun Chien
|
0-0: Foul Ball, location: 2F 0-1: SOLO HOME RUN (Line Drive, 89XD, EV 103.8 MPH), Distance : 414 ft
|
Batting: RHB Jose Vasquez
|
0-0: Called Strike 0-1: Called Strike 0-2: Ball 1-2: Fly out, F7 (Line Drive, 7, EV 108.8 MPH)
|
Top of the 5th over - 1 run, 1 hit, 0 errors, 0 left on base; Seattle 7 - Houston 1 |
BOTTOM OF THE 5TH |
Houston Astros batting - Pitching for Seattle Mariners : LHP Larry Tuckfard
|
Batting: RHB Josh Froyd
|
0-0: Fly out, F7 (Flyball, 78D, EV 109.4 MPH)
|
Batting: RHB Trevor Mock
|
0-0: Ball 1-0: Called Strike 1-1: Ball 2-1: Foul Ball, location: 2F 2-2: SINGLE (Groundball, 56D, EV 96.9 MPH)
|
Batting: SHB Joe Gardner
|
0-0: Ball 1-0: Ball 2-0: SINGLE (Groundball, 25, EV 70.6 MPH) (infield hit) Trevor Mock to second
|
Batting: LHB Bryce Hill
|
0-0: Foul Ball, location: 2F 0-1: Called Strike 0-2: Foul Ball, location: 2F 0-2: Ball 1-2: Strikes out swinging
|
Batting: LHB Jim Keefe
|
0-0: Ball 1-0: Ball 2-0: Called Strike 2-1: Foul Ball, location: 2F 2-2: Ball 3-2: Foul Ball, location: 2F 3-2: Foul Ball, location: 2F 3-2: Strikes out looking
|
Bottom of the 5th over - 0 runs, 2 hits, 0 errors, 2 left on base; Seattle 7 - Houston 1 |
TOP OF THE 6TH |
Seattle Mariners batting - Pitching for Houston Astros : RHP Kyle McPeak
|
Batting: RHB Steve Bartman Jr.
|
0-0: Called Strike 0-1: Ball 1-1: Foul Ball, location: 2F 1-2: Ball 2-2: Ball 3-2: Fly out, F9 (Flyball, 9S, EV 76.9 MPH)
|
Batting: RHB Young-kwang Ohnn
|
0-0: Ball 1-0: Ground out U3 (Groundball, 34S, EV 90.0 MPH)
|
Batting: RHB Corey Ottinger
|
0-0: Called Strike 0-1: Ball 1-1: Ground out 5-3 (Groundball, 56S, EV 86.2 MPH)
|
Top of the 6th over - 0 runs, 0 hits, 0 errors, 0 left on base; Seattle 7 - Houston 1 |
BOTTOM OF THE 6TH |
Houston Astros batting - Pitching for Seattle Mariners : LHP Larry Tuckfard
|
Batting: RHB Matt Thompson
|
0-0: Ball 1-0: Ground out 5-3 (Groundball, 56S, EV 71.9 MPH)
|
Batting: RHB Chang-wei Jiang
|
0-0: Called Strike 0-1: Swinging Strike 0-2: Ball 1-2: Ball 2-2: Strikes out swinging
|
Batting: SHB Addick de Vries
|
0-0: Foul Ball, location: 2F 0-1: Foul Ball, location: 2F 0-2: Foul Ball, location: 2F 0-2: Foul Ball, location: 2F 0-2: Foul Ball, location: 2F 0-2: Ball 1-2: SINGLE (Groundball, 56D, EV 99.4 MPH) (infield hit)
|
Batting: RHB Danny Dyer
|
0-0: Called Strike 0-1: Ball 1-1: Ball 2-1: DOUBLE (Line Drive, 9LM, EV 105.0 MPH) Addick de Vries to third
|
Batting: RHB Josh Froyd
|
0-0: Ball 1-0: Fly out, F7 (Flyball, 7S, EV 88.1 MPH)
|
Bottom of the 6th over - 0 runs, 2 hits, 0 errors, 2 left on base; Seattle 7 - Houston 1 |
TOP OF THE 7TH |
Seattle Mariners batting - Pitching for Houston Astros : RHP Kyle McPeak
|
Batting: LHB Dae-ik Yoon
|
0-0: Ball 1-0: Ball 2-0: Ball 3-0: Base on Balls
|
Pitching: LHP Chad Dominey
|
|
Batting: SHB Floyd-William Goof
|
0-0: Called Strike 0-1: Called Strike 0-2: Strikes out swinging
|
Batting: LHB John Zumbo
|
0-0: Ball 1-0: Called Strike 1-1: Called Strike 1-2: Strikes out swinging
|
Batting: SHB Tze-meng Gan
|
0-0: Fly out, F9 (Flyball, 9, EV 78.1 MPH)
|
Top of the 7th over - 0 runs, 0 hits, 0 errors, 1 left on base; Seattle 7 - Houston 1 |
BOTTOM OF THE 7TH |
Houston Astros batting - Pitching for Seattle Mariners : LHP Larry Tuckfard
|
Batting: RHB Trevor Mock
|
0-0: Called Strike 0-1: Called Strike 0-2: Foul Ball, location: 2F 0-2: Fly out, F9 (Flyball, 8RM, EV 90.0 MPH)
|
Batting: SHB Joe Gardner
|
0-0: Ball 1-0: Ground out 3-1 (Groundball, 34, EV 84.4 MPH)
|
Batting: LHB Bryce Hill
|
0-0: Ball 1-0: Fly out, F8 (Flyball, 8RS, EV 92.5 MPH)
|
Bottom of the 7th over - 0 runs, 0 hits, 0 errors, 0 left on base; Seattle 7 - Houston 1 |
TOP OF THE 8TH |
Seattle Mariners batting - Pitching for Houston Astros : LHP Chad Dominey
|
Batting: LHB Bi-jun Chien
|
0-0: Ball 1-0: Ball 2-0: SINGLE (Groundball, 4MS, EV 64.4 MPH) (infield hit)
|
Batting: RHB Jose Vasquez
|
0-0: Ball Bi-jun Chien steals 2nd base (no throw) 1-0: Called Strike 1-1: Ground out 4-3 (Groundball, 4, EV 105.0 MPH) Bi-jun Chien to third
|
Batting: RHB Steve Bartman Jr.
|
0-0: Called Strike 0-1: Called Strike 0-2: Ball 1-2: Strikes out swinging
|
Batting: RHB Young-kwang Ohnn
|
0-0: Ball 1-0: Called Strike 1-1: Swinging Strike 1-2: Strikes out swinging
|
Top of the 8th over - 0 runs, 1 hit, 0 errors, 1 left on base; Seattle 7 - Houston 1 |
BOTTOM OF THE 8TH |
Houston Astros batting - Pitching for Seattle Mariners : LHP Larry Tuckfard
|
Batting: LHB Jim Keefe
|
0-0: Foul Ball, location: 2F 0-1: SINGLE (Groundball, 34D, EV 103.1 MPH)
|
Batting: RHB Matt Thompson
|
0-0: Ball 1-0: Called Strike 1-1: Ball 2-1: Foul Ball, location: 2F 2-2: Grounds into double play, 5-4-3 (Groundball, 56, EV 86.9 MPH)
|
Batting: RHB Chang-wei Jiang
|
0-0: Ball 1-0: Ball 2-0: Ball 3-0: Called Strike 3-1: Foul Ball, location: 2F 3-2: Strikes out swinging
|
Bottom of the 8th over - 0 runs, 1 hit, 0 errors, 0 left on base; Seattle 7 - Houston 1 |
TOP OF THE 9TH |
Seattle Mariners batting - Pitching for Houston Astros : LHP Chad Dominey
|
Batting: RHB Corey Ottinger
|
0-0: Fly out, F7 (Flyball, 7LD, EV 101.9 MPH)
|
Batting: LHB Dae-ik Yoon
|
0-0: Called Strike 0-1: Foul Ball, location: 2F 0-2: Ball 1-2: SINGLE (Groundball, 6D, EV 106.2 MPH)
|
Batting: SHB Floyd-William Goof
|
0-0: Called Strike 0-1: Ball 1-1: Ball 2-1: Ball 3-1: Base on Balls Dae-ik Yoon to second
|
Batting: LHB John Zumbo
|
0-0: Foul Ball, location: 2F 0-1: Ball 1-1: Ball 2-1: Foul Ball, location: 2F 2-2: Fly out, F8 (Line Drive, 8RD, EV 90.0 MPH)
|
Batting: SHB Tze-meng Gan
|
0-0: Called Strike 0-1: Foul Ball, location: 2F 0-2: Foul Ball, location: 2F 0-2: Foul Ball, location: 2F 0-2: Foul Ball, location: 2F 0-2: Foul Ball, location: 2F 0-2: Foul Ball, location: 2F 0-2: Ball 1-2: Ball 2-2: Ground out 4-3 (Groundball, 4, EV 101.2 MPH)
|
Top of the 9th over - 0 runs, 1 hit, 0 errors, 2 left on base; Seattle 7 - Houston 1 |
BOTTOM OF THE 9TH |
Houston Astros batting - Pitching for Seattle Mariners : LHP Larry Tuckfard
|
Pitching: RHP Takaaki Nakada
|
|
Batting: SHB Addick de Vries
|
0-0: Ball 1-0: Ball 2-0: Foul Ball, location: 2F 2-1: Foul Ball, location: 2F 2-2: Ball 3-2: Foul Ball, location: 2F 3-2: Base on Balls
|
Batting: RHB Danny Dyer
|
0-0: Ball 1-0: Swinging Strike 1-1: Ball 2-1: Swinging Strike 2-2: Ball 3-2: Base on Balls Addick de Vries to second
|
Batting: RHB Josh Froyd
|
0-0: Ball 1-0: Foul Ball, location: 2F 1-1: Ball 2-1: Foul Ball, location: 2F 2-2: SINGLE (Flyball, 3D, EV 89.4 MPH) Addick de Vries to third Danny Dyer to second
|
Batting: RHB Trevor Mock
|
0-0: Ball 1-0: Fly out, F7 (Flyball, 7D, EV 83.8 MPH) Runner from 3rd tags up, SCORES, no throw by LF
|
Batting: SHB Joe Gardner
|
0-0: Ball 1-0: Grounds into double play, 3-6-1 (Groundball, 34, EV 105.6 MPH)
|
Bottom of the 9th over - 1 run, 1 hit, 0 errors, 1 left on base; Seattle 7 - Houston 2 |
|